Map: Ruins of Seras

Players

Dayshi - Winner!

  • Race: Terran Terran
  • League: Grandmaster

LiquidMaNa (MaNa)

  • Race: Protoss Protoss
  • League: Grandmaster

Event: Homestory Cup XII

VOD

Have the link to the VOD?

Description

Time

  • Played on: Dec. 19, 2015, 4:31 p.m.
  • Length: 13:50

All games in this series

Show
View Real Time Build Order
Export as new Build Order

Dayshi Terran - Winner!

Build Orders: MMM Bio 

Get SALT Encoding   

  12  0:00  SCV  
  13  0:12  SCV  
  14  0:17  Supply Depot  
  14  0:25  SCV  
  15  0:39  SCV  
  15  0:40  Barracks  
  16  0:44  Refinery  
  16  0:51  SCV  
  17  1:03  SCV  
  18  1:15  SCV  
  19  1:27  Orbital Command  
  19  1:28  Barracks Reactor  
  19  1:44  Command Center  
  19  1:54  Supply Depot, SCV  
  20  2:04  Marine x2  
  22  2:11  Factory  
  22  2:15  SCV  
  23  2:22  Refinery  
  23  2:24  Marine x2  
  23  2:29  SCV  
  26  2:41  SCV  
  27  2:44  Marine x2  
  29  2:53  SCV  
  29  2:55  Orbital Command  
  29  2:57  Factory Tech Lab  
  30  3:02  Starport  
  31  3:05  SCV  
  30  3:13  Marine x2  
  30  3:18  Cyclone  
  35  3:20  SCV  
  35  3:24  SCV  
  37  3:32  SCV  
  37  3:34  Supply Depot  
  38  3:35  Marine  
  38  3:36  Marine  
  38  3:39  SCV  
  41  3:44  SCV  
  42  3:53  Raven  
  42  3:55  Marine x2  
  45  3:56  Barracks  
  45  3:58  SCV  
  45  3:59  SCV  
  48  4:05  Supply Depot, Widow Mine  
  50  4:10  SCV  
  50  4:11  SCV  
  50  4:13  Marine  
  50  4:15  Marine  
  49  4:24  SCV  
  49  4:28  SCV  
  50  4:32  Marine  
  50  4:33  Marine  
  50  4:35  Liberator  
  50  4:36  SCV  
  53  4:41  SCV, Widow Mine  
  56  4:48  SCV, Barracks  
  60  4:53  SCV  
  60  4:55  Marine  
  62  5:00  Supply Depot, Refinery  
  62  5:06  SCV x2, Marine x2  
  66  5:07  Stimpack  
  66  5:09  Widow Mine  
  68  5:17  Liberator, Marine  
  68  5:18  SCV  
  70  5:22  SCV, Supply Depot  
  70  5:23  Supply Depot  
  70  5:24  Marine  
  70  5:26  Marine  
  73  5:30  SCV  
  76  5:36  Barracks Tech Lab  
  76  5:39  Factory Reactor  
  76  5:45  Command Center  
  71  5:56  SCV x2  
  69  5:57  Engineering Bay  
  68  6:08  SCV x2  
  70  6:17  Marauder x2  
  74  6:21  Marine x2  
  74  6:24  Combat Shields  
  77  6:25  SCV x2  
  77  6:27  Medivac  
  77  6:28  Refinery  
  80  6:36  Supply Depot  
  80  6:37  SCV, Medivac  
  80  6:38  SCV  
  84  6:49  SCV, Marauder x2  
  84  6:50  SCV  
  84  6:51  Marine x2  
  92  6:57  Orbital Command  
  92  6:58  Barracks  
  92  7:00  Terran Infantry Weapons Level 1  
  92  7:04  Barracks  
  92  7:07  SCV  
  89  7:12  Marauder x2  
  89  7:14  Marine  
  94  7:17  Marine  
  95  7:30  Medivac x2  
  95  7:31  SCV  
  88  7:46  Marauder x2, Marine x2  
  88  7:47  SCV x2  
  88  7:50  Barracks Reactor, Barracks Tech Lab  
  91  7:52  Liberator  
  91  7:55  Orbital Command  
  90  7:59  SCV  
  90  8:00  SCV  
  90  8:04  Marine x2  
  94  8:08  Marauder x2  
  94  8:11  Liberator  
  101  8:16  SCV x2  
  101  8:17  Supply Depot  
  103  8:21  SCV  
  103  8:24  Missile Turret  
  103  8:25  Marauder  
  106  8:28  SCV x2  
  106  8:34  Supply Depot  
  111  8:36  Supply Depot, Marauder  
  108  8:42  Marauder, Marine x3  
  108  8:44  SCV x2  
  108  8:45  SCV  
  114  8:51  Missile Turret  
  114  8:52  Marine x2  
  114  8:55  Terran Infantry Armor Level 1, Liberator x2  
  116  8:56  Supply Depot, Missile Turret  
  116  8:59  Marauder  
  116  9:00  Marine x2  
  120  9:06  Marauder, Marine  
  123  9:10  Marauder, Marine  
  131  9:18  Marine  
  131  9:19  Marine  
  131  9:21  Marauder  
  131  9:24  Marine  
  127  9:28  Marine, Marauder  
  123  9:32  Marauder  
  123  9:38  Marine x2  
  124  9:42  Marauder, Marine  
  124  9:43  SCV  
  124  9:44  SCV  
  121  9:46  Marine  
  121  9:49  Marauder  
  115  9:53  Marauder  
  115  9:55  SCV, Marine, Medivac x2  
  115  9:59  Armory  
  116  10:01  Engineering Bay  
  116  10:02  Refinery  
  116  10:03  Marauder  
  113  10:11  Marauder  
  114  10:15  SCV x2, Marauder  
  114  10:16  SCV  
  114  10:18  Marine x4  
  123  10:25  Marauder, Factory Reactor, Medivac  
  127  10:32  Marauder  
  129  10:36  Marauder, Marine x3  
  129  10:39  Marine  
  129  10:40  SCV  
  129  10:41  SCV  
  134  10:42  Refinery  
  134  10:46  Marauder  
  134  10:49  Terran Infantry Weapons Level 2  
  136  10:53  Marauder, Marine x2  
  136  10:54  Marine  
  136  10:56  Marine, Terran Infantry Armor Level 2  
  139  10:57  Marauder  
  141  11:07  Marine  
  141  11:09  Concussive Shells  
  136  11:11  Marine x3  
  136  11:14  Marine  
  136  11:15  Marauder  
  128  11:19  Marauder  
  128  11:25  Marine  
  120  11:29  Marine x3  
  120  11:32  Marine  
  108  11:35  Widow Mine  
  108  11:36  Marauder, Widow Mine  
  108  11:37  Medivac x2  
  113  11:40  Command Center, Marauder  
  113  11:43  Marauder  
  117  11:47  Marine x3  
  117  11:49  Liberator  
  117  11:50  Marine, Liberator  
  119  11:58  Marauder  
  121  12:01  Marauder  
  121  12:04  Marine  
  121  12:05  Marine  
  121  12:08  Marine  
  131  12:14  Marine x2  
  132  12:19  Marauder  
  132  12:22  Marine, Marauder  
  136  12:23  Marauder  
  136  12:28  Marine  
  140  12:32  Marine  
  140  12:36  Marine  
  132  12:38  SCV  
  132  12:40  Marauder, Marine  
  132  12:44  Marauder x2  
  122  12:46  Marine  
  122  12:50  Marine  
  116  12:52  Planetary Fortress  
  116  12:53  Missile Turret  
  116  13:00  Marine  
  116  13:02  Widow Mine  
  116  13:05  Marauder  
  121  13:06  Refinery, Marine  
  130  13:17  Marine  
  129  13:20  Marauder  
  129  13:22  Marine  
  129  13:23  Marauder  
Show
View Real Time Build Order
Export as new Build Order

LiquidMaNa Protoss 

Build Orders: 1 Gate Expand 

Get SALT Encoding   

  12  0:00  Probe (Chrono Boost)  
  13  0:11  Probe (Chrono Boost)  
  14  0:17  Pylon  
  14  0:22  Probe (Chrono Boost)  
  15  0:36  Probe (Chrono Boost)  
  15  0:37  Gateway  
  16  0:46  Probe (Chrono Boost)  
  17  1:07  Nexus  
  17  1:12  Probe (Chrono Boost)  
  17  1:16  Assimilator  
  18  1:22  Probe (Chrono Boost)  
  19  1:29  Cybernetics Core  
  19  1:33  Probe (Chrono Boost)  
  19  1:38  Assimilator  
  20  1:44  Probe (Chrono Boost)  
  21  1:49  Pylon  
  21  1:54  Probe (Chrono Boost)  
  22  2:05  Probe (Chrono Boost)  
  22  2:06  Warp Gate (Chrono Boost)  
  22  2:07  Adept  
  25  2:17  Probe (Chrono Boost)  
  25  2:20  Probe (Chrono Boost)  
  27  2:29  Robotics Facility  
  27  2:32  Probe (Chrono Boost)  
  27  2:35  Probe (Chrono Boost)  
  29  2:41  Adept (Chrono Boost)  
  31  2:44  Probe (Chrono Boost)  
  31  2:46  Probe (Chrono Boost)  
  33  2:56  Probe  
  33  2:57  Probe  
  35  3:02  Twilight Council  
  35  3:08  Adept (Chrono Boost)  
  37  3:14  Probe  
  37  3:16  Warp Prism  
  40  3:20  Probe  
  40  3:26  Probe  
  42  3:27  Resonating Glaives (Chrono Boost)  
  42  3:31  Adept (Chrono Boost)  
  44  3:35  Pylon  
  44  3:41  Mothership Core  
  46  3:51  Pylon  
  46  3:53  Probe  
  47  4:03  Probe  
  47  4:05  Probe  
  49  4:10  Dark Shrine  
  49  4:13  Gateway  
  49  4:15  Probe, Gateway  
  50  4:20  Adept  
  50  4:25  Probe  
  51  4:35  Probe  
  51  4:37  Probe, Assimilator  
  51  4:38  Assimilator  
  45  4:48  Probe  
  45  4:49  Gateway, Pylon, Probe  
  45  4:50  Adept  
  49  4:54  Observer, Pylon  
  49  4:57  Pylon  
  50  5:03  Probe x2  
  52  5:16  Probe x2  
  54  5:22  Dark Templar x3  
  60  5:28  Probe x2, Pylon  
  60  5:37  Nexus  
  60  5:40  Probe, Pylon  
  61  5:45  Probe  
  62  5:53  Probe  
  61  5:57  Probe  
  61  6:02  Warp Prism  
  61  6:04  Stalker x3  
  66  6:15  Gateway  
  66  6:18  Gateway  
  66  6:21  Stalker  
  66  6:25  Probe x2  
  67  6:29  Blink  
  67  6:32  Pylon  
  67  6:33  Sentry x3  
  67  6:39  Immortal (Chrono Boost)  
  77  6:48  Probe x2  
  77  6:53  Pylon  
  79  6:55  Pylon  
  76  7:09  Adept x4  
  76  7:12  Probe  
  85  7:21  Immortal (Chrono Boost)  
  89  7:24  Adept x2  
  80  7:44  Adept x3  
  80  7:45  Adept  
  84  7:54  Warp Prism (Chrono Boost)  
  86  7:59  Probe x2  
  88  8:07  Stalker  
  88  8:08  Stalker x3  
  96  8:17  Pylon  
  94  8:26  Nexus  
  92  8:29  Probe x2  
  90  8:50  Adept x3  
  90  8:51  Adept  
  90  8:53  Probe x2  
  90  8:54  Nexus  
  100  8:56  Pylon  
  100  9:06  Templar Archives  
  100  9:11  Adept x3  
  95  9:27  Adept x3  
  89  9:34  Stalker x3  
  91  9:48  Stalker x3  
  91  9:59  High Templar x3  
  95  10:06  Probe  
  95  10:10  Archon  
  95  10:11  High Templar x3  
  98  10:15  Archon x2  
  98  10:21  Robotics Facility  
  98  10:33  Stalker x3, Gateway  
  104  10:41  Pylon  
  104  10:43  Adept  
  104  10:44  Adept x2  
  107  10:56  Stalker  
  107  10:57  Stalker x2  
  113  11:05  Adept x3  
  91  11:24  Immortal (Chrono Boost)  
  83  11:30  Stalker  
  75  11:36  Stalker  
  75  11:37  Stalker x4  
  81  11:43  Probe  
  80  11:49  Sentry  
  80  11:53  Dark Templar  
  83  11:59  Immortal (Chrono Boost)  
  87  12:01  Adept x2  
  87  12:06  Adept  
  87  12:07  Adept  
  95  12:16  Dark Templar  
  95  12:20  Adept  
  97  12:25  Adept x2  
  97  12:29  Dark Templar  
  103  12:34  Probe  
  92  12:40  Immortal (Chrono Boost)  
  92  12:43  Adept  
  78  12:53  Adept x2  
  78  12:54  Adept  
  84  13:00  Sentry  
  86  13:05  Adept, Assimilator  
  86  13:06  Assimilator  
  86  13:09  Adept  
  86  13:10  Sentry  
  96  13:29  Stalker x2  
  78  13:43  Adept  
  78  13:44  Adept x3  
Tags
 
Add a new tag
Caveats
  • Supply blocks, unpowered buildings, or Contaminate may cause inaccurate times.
  • Supply counts are checked every 10 seconds.